 Dungeon Crawl Stone Soup version 0.29.1-15-g9cfb28693d (webtiles) character file.

Game seed: 10890869764206170376

2094 Baz the Sneak (level 9, -2/74 HPs)
             Began as a Purple Draconian Artificer on Mar 5, 2023.
             Was an Elder of Okawaru.
             Slain by a gargoyle
             ... wielding a +0 flail
              (19 damage)
             ... on level 7 of the Dungeon.
             The game lasted 00:19:45 (8398 turns).

Baz the Sneak (Purple Draconian Artificer)          Turns: 8398, Time: 00:19:45

Health: -2/74      AC:  8    Str: 20    XL:     9   Next: 7%
Magic:  7/9        EV: 16    Int: 14    God:    Okawaru [****..]
Gold:   401        SH:  0    Dex: 12    Spells: 8/8 levels left

rFire   . . .      SeeInvis .   h - +1 dagger (elec)
rCold   . . .      Faith    .   (no shield)
rNeg    + . .      Spirit   .   (body armour unavailable)
rPois   .          Reflect  .   (helmet restricted)
rElec   .          Harm     .   x - +0 cloak of Failure {Str+6 Dex-2}
rCorr   .          Rampage  .   (no gloves)
Will    +....                   (no boots)
Stlth   +++++.....              (no amulet)
HPRegen 0.22/turn               n - ring of positive energy
MPRegen 0.11/turn               (no ring)

@: about to teleport, short of breath, heroic
A: breathe power, AC +7, unfitting armour, cold-blooded
a: Breathe Dispelling Energy, Renounce Religion, Heroism, Finesse


You were on level 7 of the Dungeon.
You worshipped Okawaru.
Okawaru was greatly pleased with you.
You visited 1 branch of the dungeon, and saw 7 of its levels.
You also visited: Ossuary.

You collected 401 gold pieces.

Inventory:

Hand Weapons
 e - a +0 mace of chaos
 h - a +1 dagger of electrocution (weapon)
Armour
 q - a scarf of harm
 x - the +0 cloak of Failure (worn) {Str+6 Dex-2}
   (You found it on level 6 of the Dungeon)

   Str:       It affects your strength (+6).
   Dex:       It affects your dexterity (-2).
Jewellery
 n - a ring of positive energy (left hand)
 v - a ring of protection from fire
 y - the amulet "Moufa" {Reflect Drain *Slow Dex+9 Slay+2 SH+5}
   (You found it on level 7 of the Dungeon)

   [amulet of reflection]

   It reflects blocked missile attacks.
   Dex:       It affects your dexterity (+9).
   Slay:      It affects your accuracy & damage with ranged weapons and melee
   (+2).
   Drain:     It drains your maximum health when unequipped.
   *Slow:     It may slow you when you take damage.
   SH:        It affects your SH (+5).
Wands
 b - a wand of flame (27) (quivered)
 c - a wand of charming (35)
 d - a wand of iceblast (2)
 j - a wand of digging (5)
Scrolls
 o - a scroll of poison
 r - a scroll of teleportation
Potions
 a - a potion of flight
 f - 2 potions of might
 g - 3 potions of heal wounds
 i - 2 potions of curing {unknown}
 k - 2 potions of degeneration {unknown}
 l - 2 potions of ambrosia
 m - 3 potions of haste
 p - a potion of invisibility
 s - a potion of magic
 t - a potion of lignification {unknown}
 w - 4 potions of attraction {unknown}


   Skills:
 + Level 5.2(10.2) Fighting
 - Level 6.0(11.0) Short Blades
 - Level 0.5(5.5) Maces & Flails
 + Level 4.7(9.7) Dodging
 * Level 6.1(11.1) Stealth
 - Level 0.4 Spellcasting
 + Level 5.9 Evocations


You had 8 spell levels left.
You didn't know any spells.
Your spell library contained the following spells:

 Spells                   Type           Power      Damage    Failure   Level
 Sandblast                Erth           0%         2d4       28%         1
 Passwall                 Tmut/Erth      0%         N/A       38%         2
 Ozocubu's Armour         Ice            0%         N/A       63%         3
 Stone Arrow              Conj/Erth      0%         3d7       63%         3
 Ozocubu's Refrigeration  Ice            0%         4d7       100%        7
 Storm Form               Tmut/Air       0%         N/A       100%        7
 Maxwell's Capacitive Co  Air            0%         ∞         100%        8
 Summon Lightning Spire   Summ/Air       Unusable   N/A       N/A         4

Dungeon Overview and Level Annotations

Branches:
Dungeon (7/15)             Temple (0/1) D:7         Ossuary (visited)

Altars:
Ashenzari
Hepliaklqana
Okawaru

Annotations:
D:5 Pikel


Innate Abilities, Weirdness & Mutations

You can breathe bolts of dispelling energy.
Your rich purple scales are hard. (AC +7)
You cannot fit into any form of body armour.
You are cold-blooded and may be slowed by cold attacks.


Message History

Aiming: Iceblast
Press: ? - help, Shift-Dir - straight line, f/p - two-headed ogre
Aim: a two-headed ogre, wielding two +0 giant clubs (moderately wounded)
The mass of ice explodes!
The iceblast engulfs the two-headed ogre!
The two-headed ogre is heavily wounded.
The iceblast engulfs the gargoyle!
The gargoyle is moderately damaged.
Unknown command.
You gain the combat prowess of a mighty hero.
The two-headed ogre hits you with a +0 giant club!!
The two-headed ogre hits you with a +0 giant club!
You hit the gargoyle but do no damage.
The gargoyle is moderately damaged.
Aiming: Breathe Dispelling Energy (4% risk of failure)
Press: ? - help, Shift-Dir - straight line, f/p - two-headed ogre
Aim: a two-headed ogre, wielding two +0 giant clubs (heavily wounded, 78% to hit)
You breathe a bolt of dispelling energy.
The bolt of dispelling energy hits the gargoyle but does no damage.
The gargoyle is moderately damaged.
The bolt of dispelling energy misses the two-headed ogre.
The gargoyle barely misses you.
Unknown command.
You hit the gargoyle but do no damage. You tail-slap the gargoyle.
The gargoyle is moderately damaged.
The gargoyle hits you with a +0 flail.
You barely miss the gargoyle.
The gargoyle is moderately damaged.
You barely miss the gargoyle.
The gargoyle is moderately damaged.
The gargoyle hits you with a +0 flail!
You barely miss the gargoyle.
You tail-slap the gargoyle, but do no damage.
The gargoyle is moderately damaged.
As you read the scroll of teleportation, it crumbles to dust.
You feel strangely unstable. The gargoyle hits you with a +0 flail!
* * * LOW HITPOINT WARNING * * *
Unknown command.
The gargoyle attacks as you move away! The gargoyle hits you with a +0 flail!!
You die...

#...# ##..# #.. ###..## .. ♣
##.#...## #.# ♣ #..##...# ##..#
..# ♣ #####.....###..# ##..### ##
#.###.#....##..# ##.....##
.####..##......#..# ##........
♣##)............@9######..#.#.#..
.##.#...#.....###.O......(#...#.#
♣##..#.#..##..# ###.....#(.(#(((#
.#....>...##..# ##...#(.#.(.8(.
##...#†#..##.## #....#...)..(.
....#...#.##.# #..#...O..(...
.............# #..###(...(..#
.....#####...# #.## #.8..(8.#
.....###.>.(.# ..# ##..#(#..


You could see a two-headed ogre and a gargoyle.

Vanquished Creatures
  Menkaure (D:5)
  A water moccasin (D:4)
  A black bear (D:7)
  A centaur (D:7)
  2 phantoms
  5 elf zombies
  A bullfrog (D:6)
  A necrophage (D:4)
  An elf skeleton (D:6)
  3 centaur zombies (Ossuary)
  2 quasits (D:4)
  3 human zombies
  3 hounds
  2 jellies
  A gnoll bouda (D:6)
  5 human skeletons (D:6)
  2 iguanas
  2 orc wizards
  2 mummies (Ossuary)
  8 adders
  5 gnolls
  4 shadow imps
  2 white imps (D:6)
  4 ufetubi
  An adder zombie (Ossuary)
  2 worms
  2 dart slugs
  8 orcs
  9 endoplasms
  5 giant cockroaches
  7 goblins
  4 hobgoblins
  5 jackals
  13 kobolds
  4 quokkas
  6 ball pythons
  9 bats
  A frilled lizard (D:3)
  10 hobgoblin zombies (Ossuary)
  A jackal zombie (Ossuary)
  9 kobold zombies (Ossuary)
  10 orc zombies
  11 rats
179 creatures vanquished.

Vanquished Creatures (others)
  11 demonic plants (D:5)
  A plant (D:6)
12 creatures vanquished.

Grand Total: 191 creatures vanquished

Notes
Turn   | Place    | Note
-------+----------+-------------------------------------------
     0 | D:1      | Baz the Draconian Artificer began the quest for the Orb.
     0 | D:1      | Reached XP level 1. HP: 16/16 MP: 1/1
   669 | D:1      | Reached XP level 2. HP: 15/24 MP: 2/2
  1354 | D:1      | HP: 1/24 [kobold/+1 dagger of electrocution (17)]
  1770 | D:1      | Reached XP level 3. HP: 29/29 MP: 3/3
  1941 | D:2      | Reached skill level 1 in Stealth
  2424 | D:2      | Reached skill level 1 in Short Blades
  2597 | D:2      | Reached XP level 4. HP: 24/37 MP: 4/4
  3207 | D:3      | Found a hazy altar of Hepliaklqana.
  3329 | D:3      | Reached XP level 5. HP: 42/42 MP: 5/5
  3366 | D:3      | Found a faded altar of an unknown god.
  3437 | D:3      | Prayed at the altar of an unknown god.
  3437 | D:3      | Became a worshipper of Warmaster Okawaru
  3437 | D:3      | Reached * piety under Okawaru
  3619 | D:3      | Found a broken altar of Ashenzari.
  4360 | D:4      | Noticed a phantom
  4376 | D:4      | Killed a phantom
  4491 | D:4      | Reached XP level 6. HP: 50/51 MP: 6/6
  5237 | D:5      | Entered Level 5 of the Dungeon
  5243 | D:5      | Noticed Pikel
  5309 | D:5      | Noticed Menkaure
  5322 | D:5      | Killed Menkaure
  5322 | D:5      | Reached ** piety under Okawaru
  5323 | D:5      | Your scales start taking on a rich purple colour.
  5323 | D:5      | Reached XP level 7. HP: 54/57 MP: 7/7
  6157 | D:6      | Reached *** piety under Okawaru
  6267 | D:6      | Reached skill level 5 in Evocations
  6304 | D:6      | Reached XP level 8. HP: 23/66 MP: 8/8
  6377 | D:6      | Found a sand-covered staircase.
  6483 | Ossuary  | Entered an ossuary
  6870 | Ossuary  | Reached skill level 5 in Short Blades
  6870 | Ossuary  | Reached skill level 5 in Stealth
  7113 | Ossuary  | Reached **** piety under Okawaru
  7740 | D:6      | Reached skill level 5 in Fighting
  7760 | D:6      | Identified the +0 cloak of Failure {Str+6 Dex-2}
  8190 | D:7      | Identified the amulet "Moufa" {Reflect Drain *Slow Dex+9
                  | Slay+2 SH+5}
  8218 | D:7      | Found a staircase to the Ecumenical Temple.
  8251 | D:7      | Reached XP level 9. HP: 74/74 MP: 9/9
  8370 | D:7      | Noticed a gargoyle
  8371 | D:7      | Found the +6 shillelagh "Devastator" {shatter}
  8372 | D:7      | Noticed a two-headed ogre
  8398 | D:7      | Slain by a gargoyle

Illustrated notes

Levels and vault maps discovered:
D:1:      dpeg_arrival_ratfight, layout_loops_ring
D:2:      layout_loops_cross
D:3:      layout_loops_ring, amcnicky_altar_gilded,
          mainiacjoe_overflow_tiny_flanked, shapermc_ecumenical_altar_venn,
          chequers_serial_rivers_micro_b, grunt_ministairs_14, minmay_unequal
D:4:      layout_loops_corners, minmay_cupped
D:5:      layout_loops_ring, serial_demonic, serial_demonic_a, serial_demonic_b,
          serial_demonic_d, serial_demonic_g, serial_demonic_f,
          serial_demonic_e, uniq_menkaure, uniq_pikel
D:6:      layout_loops_ring, nicolae_ossuary_entry_catacombs,
          hangedman_abyss_or_decor_slice, corexii_shack
D:7:      nzn_winding_woodlands_large [nzn_winding_woodlands_5x5_perimeter,
          nzn_winding_woodlands_5x15_default,
          nzn_winding_woodlands_5x5_closed_star,
          nzn_winding_woodlands_center_lodge,
          nzn_winding_woodlands_15x15_killbox,
          nzn_winding_woodlands_center_triple_pond,
          nzn_winding_woodlands_5x5_cross, nzn_winding_woodlands_5x15_crooked,
          nzn_winding_woodlands_5x5_checkerboard], layout_layer_cave,
          minmay_temple_entry_crystal_x, serial_bayou_pond_e,
          dilly_guarded_unrand_devastator

Skill      XL: |  1  2  3  4  5  6  7  8  9 |
---------------+----------------------------+-----
Fighting       | 2 3 4 5 |  5.2
Stealth        | 1 2 3 4 6 |  6.1
Short Blades   | 1 2 3 4 5 6 |  6.0
Dodging        | 3 4 |  4.7
Evocations     | 4 5 |  5.9
Maces & Flails | |  0.5
Spellcasting   | |  0.4

Action                   |  1- 3 |  4- 6 |  7- 9 || total
-------------------------+-------+-------+-------++-------
Melee: Club              |    45 |       |       ||    45
       Mace              |    61 |       |       ||    61
       Tailslap          |    12 |    17 |    84 ||   113
       Dagger            |    70 |   162 |   447 ||   679
       Punch             |       |     2 |     8 ||    10
Invok: Heroism           |       |       |     2 ||     2
 Abil: Breathe Dispellin |       |       |    12 ||    12
Evoke: Wand              |     2 |    10 |     2 ||    14
  Use: Scroll            |       |       |    14 ||    14
 Stab: Sleeping          |     6 |     5 |    15 ||    26
Armor: Skin              |    64 |    41 |   156 ||   261
Dodge: Dodged            |   119 |    85 |   237 ||   441
